 Dungeon Crawl Stone Soup version 0.28.0 (webtiles) character file.

Game seed: 16958070945130986102

449 SkeletonJelly the Chopper (level 6, 0/51 HPs)
             Began as a Palentonga Monk on Feb 19, 2022.
             Was an Elder of Lugonu.
             Slain by a black bear (10 damage)
             ... on level 5 of the Dungeon.
             The game lasted 00:09:06 (4575 turns).

SkeletonJelly the Chopper (Palentonga Monk)         Turns: 4575, Time: 00:09:07

Health: 0/51       AC:  7    Str: 16    XL:     6   Next: 74%
Magic:  7/7        EV: 11    Int: 10    God:    Lugonu [****..]
Gold:   224        SH:  0    Dex: 19    Spells: 5/5 levels left

rFire   . . .      SeeInvis +   s - +0 war axe
rCold   . . .      Faith    .   (no shield)
rNeg    + . .      Spirit   .   m - +2 robe {rN+}
rPois   .          Reflect  .   (no helmet)
rElec   .          Harm     .   (no cloak)
rCorr   .          Rampage  .   o - +0 pair of gloves
Will    .....                   (no barding)
Stlth   ++........              (no amulet)
HPRegen 0.17/turn               k - +6 ring of dexterity
MPRegen 0.10/turn               (no ring)

@: no status effects
A: large, rugged brown scales 3, see invisible, deformed body, roll 1, armoured
tail
a: Rolling Charge, Renounce Religion, Depart the Abyss, Bend Space, Banish,
Corrupt


You were on level 5 of the Dungeon.
You worshipped Lugonu.
Lugonu was greatly pleased with you.
You visited 1 branch of the dungeon, and saw 5 of its levels.

You collected 224 gold pieces.

Inventory:

Hand Weapons
 a - a +0 hand axe
 s - a +0 war axe (weapon)
Missiles
 j - 6 poisoned darts
Armour
 b - a +0 robe
 c - a +2 plate armour of fire resistance
 m - a +2 robe of positive energy (worn)
 o - a +0 pair of gloves (worn)
Jewellery
 k - a +6 ring of dexterity (left hand)
Scrolls
 e - 2 scrolls of immolation {unknown}
 f - 3 scrolls of enchant weapon {unknown}
 g - a scroll of teleportation {unknown}
 i - 3 scrolls of identify {unknown}
 u - a scroll of silence {unknown}
 v - a scroll of vulnerability {unknown}
 w - a scroll of noise {unknown}
Potions
 d - a potion of flight {unknown}
 h - a potion of attraction {unknown}
 l - a potion of haste {unknown}
 n - a potion of lignification {unknown}
 p - a potion of mutation {unknown}
 q - a potion of degeneration {unknown}
 r - 2 potions of curing {unknown}
 t - a potion of berserk rage {unknown}


   Skills:
 - Level 4.2 Fighting
 * Level 6.5 Axes
 - Level 2.4 Dodging
 - Level 1.2 Stealth
 + Level 2.5 Invocations


You had 5 spell levels left.
You didn't know any spells.
Your spell library contained the following spells:

 Spells                   Type           Power      Damage    Failure   Level
 Summon Guardian Golem    Hex/Summ       0%         N/A       75%         3
 Orb of Destruction       Conj           0%         9d5       100%        7
 Spellforged Servitor     Conj/Summ      0%         N/A       100%        7


Dungeon Overview and Level Annotations

Branches:
Dungeon (5/15)
 Temple: D:4-7

Altars:
Qazlal
Ru
Trog
Lugonu


Innate Abilities, Weirdness & Mutations

You are completely covered in rugged brown scales. (AC +3, +7% HP)
You have supernaturally acute eyesight. (SInv)
Armour fits poorly on your strangely shaped body.
You can roll at nearby foes to attack.
You have a long armoured tail.


Message History

The sky beast is severely wounded.
The sky beast hits you. The sky beast shocks you.
You slash the sky beast! You tail-slap the sky beast.
You kill the sky beast!
Lugonu accepts your kill.
No target in view!
No target in view!
No target in view!
No target in view!
Unknown command.
As you open the door, it creaks loudly!
There is an open door here.
You open the door.
There is an open door here.
You open the door.
Found a glowing war axe.
There is an open door here.
You now have 224 gold pieces (gained 20).
Key pressed, stopping explore.
r - 2 white potions (gained 1)
i - 3 scrolls labelled WEITHRI OSKUAFO (gained 1)
There is an open door here.
Key pressed, stopping explore.
Found a stone staircase leading down.
No target in view!
You open the door.
There is an open door here.
You open the door.
There is an open door here.
You open the door.
Found a stone staircase leading down.
Search for what [Enter for "."]? .
There is an open door here.
A water moccasin comes into view.
A black bear comes into view.
The black bear growls angrily.
You roll forward with a clatter of scales!
You hit the black bear but do no damage.
The black bear closely misses you. x2; The black bear claws you.
You slash the black bear!
Your tail-slap misses the black bear.
The black bear is moderately wounded.
The black bear barely misses you. The black bear closely misses you.
The black bear claws you.
You closely miss the black bear.
The black bear is moderately wounded.
The black bear bites you. The black bear closely misses you.
The black bear claws you.
You hit the black bear.
The black bear is moderately wounded.
The black bear bites you but does no damage.
The black bear claws you. x2; The black bear closely misses you.
The black bear claws you but does no damage. x2
You completely miss the black bear.
The black bear is moderately wounded.
The black bear bites you. The black bear closely misses you.
The black bear claws you but does no damage.
You slash the black bear!
Your tail-slap misses the black bear.
The black bear is almost dead.
The black bear goes berserk!
You barely miss the black bear. You tail-slap the black bear.
The black bear is severely wounded.
The black bear bites you. The black bear closely misses you.
The black bear barely misses you. The black bear bites you.
The black bear claws you but does no damage.
The black bear closely misses you.
You barely miss the black bear.
The black bear is severely wounded.
The black bear bites you but does no damage.
The black bear claws you but does no damage. x2
You hit the black bear but do no damage.
The black bear is severely wounded.
The black bear bites you. The black bear claws you. x2
The black bear closely misses you.
The black bear claws you but does no damage.
The black bear barely misses you.
You are too injured to fight recklessly!
You are too injured to fight recklessly!
You are too injured to fight recklessly!
You are too injured to fight recklessly!
You are too injured to fight recklessly!
You are too injured to fight recklessly!
You closely miss the black bear.
The black bear is severely wounded.
The black bear bites you but does no damage.
The black bear misses you. The black bear barely misses you.
The black bear bites you!
* * * LOW HITPOINT WARNING * * *
The black bear claws you.
* * * LOW HITPOINT WARNING * * *
The black bear closely misses you.
You barely miss the black bear.
Your tail-slap misses the black bear.
The black bear is severely wounded.
The black bear bites you but does no damage.
The black bear barely misses you. x2
The black bear bites you but does no damage.
The black bear closely misses you. The black bear misses you.
You hit the black bear.
The black bear is almost dead.
The black bear bites you!
You die...

#. #.. #..###### #.......#
#.......# #####..#######
#..##........#
#.......#h...#
####.......#.@..#
....)......#....#
.........h.#....#
..##..##...#....##########
#..##...#####.........#
#.......'...#.........#
#.......#...+.........#
......##..###.##.........#
..S... #..###.#.....######


You could see a black bear (berserk).

Vanquished Creatures
  A sky beast (D:5)
  2 hounds
  A bullfrog skeleton (D:5)
  3 orc wizards (D:3)
  An iguana (D:4)
  6 gnolls
  4 adders
  A worm (D:2)
  3 dart slugs
  9 orcs
  2 ball pythons
  6 endoplasms
  3 giant cockroaches
  3 hobgoblins
  A kobold (D:2)
  3 quokkas
  4 bats
  2 frilled lizards
  3 goblins
  7 rats
65 creatures vanquished.

Vanquished Creatures (others)
  A plant (D:3)
1 creature vanquished.

Grand Total: 66 creatures vanquished

Notes
Turn   | Place    | Note
-------+----------+-------------------------------------------
     0 | D:1      | SkeletonJelly the Palentonga Monk began the quest for the
                  | Orb.
     0 | D:1      | Reached XP level 1. HP: 19/19 MP: 1/1
   351 | D:1      | Reached XP level 2. HP: 24/25 MP: 2/2
   456 | D:1      | Found a faded altar of an unknown god.
   564 | D:1      | Prayed at the altar of an unknown god.
   564 | D:1      | Became a worshipper of Lugonu the Unformed
   564 | D:1      | Reached * piety under Lugonu
   564 | D:1      | Reached ** piety under Lugonu
   564 | D:1      | Reached *** piety under Lugonu
   959 | D:2      | Reached skill level 4 in Axes
   959 | D:2      | Reached XP level 3. HP: 14/31 MP: 3/3
  1161 | D:2      | Found a bloodstained altar of Trog.
  1791 | D:2      | Reached XP level 4. HP: 35/39 MP: 4/4
  2143 | D:3      | Reached **** piety under Lugonu
  2434 | D:3      | Reached skill level 5 in Axes
  2435 | D:3      | Reached XP level 5. HP: 42/44 MP: 5/5
  3781 | D:4      | Found a sacrificial altar of Ru.
  3808 | D:4      | Reached skill level 1 in Invocations
  3964 | D:4      | Found a stormy altar of Qazlal.
  4197 | D:5      | Entered Level 5 of the Dungeon
  4206 | D:5      | Reached XP level 6. HP: 47/51 MP: 5/7
  4236 | D:5      | Reached skill level 6 in Axes
  4360 | D:5      | Noticed a sky beast
  4411 | D:5      | Killed a sky beast
  4550 | D:5      | Noticed a water moccasin
  4575 | D:5      | Slain by a black bear

Illustrated notes

Levels and vault maps discovered:
D:1:      dpeg_arrival_castle, layout_rooms,
          hellmonk_ecumenical_altar_heavens_door
D:2:      layout_loops_ring, basic_altar, minmay_tetromino_t2
D:3:      cheibrodos_old_hovel, layout_basic, st_stairs_10, eino_curves_01
D:4:      layout_basic, mainiacjoe_overflow_cross_hatched, kennysheep_mini_moat,
          chequers_serial_rivers_large_a
D:5:      layout_gridville, minmay_temple_entry_statues_fountains

Skill      XL: |  1  2  3  4  5  6 |
---------------+-------------------+-----
Axes           | 4 5 6 |  6.5
Fighting       | 4 |  4.2
Invocations    | 1 2 |  2.5
Dodging        | |  2.4
Stealth        | |  1.2

Action                   |  1- 3 |  4- 6 || total
-------------------------+-------+-------++-------
Melee: Hand axe          |    90 |   100 ||   190
       Tailslap          |    11 |    22 ||    33
       War axe           |       |    40 ||    40
Throw: Dart              |     5 |       ||     5
Invok: Bend Space        |     1 |     3 ||     4
 Abil: Rolling Charge    |    11 |    13 ||    24
 Stab: Sleeping          |     1 |     2 ||     3
Armor: Robe              |    37 |    65 ||   102
Dodge: Dodged            |    35 |    84 ||   119
